 Dungeon Crawl Stone Soup version 0.28-a0-906-g0406aca7d3 (webtiles) character file.

Game seed: 14522772067161039098

412453 Zonian the Warrior (level 22, -3/181 HPs)
             Began as a Demonspawn Gladiator on Nov 22, 2021.
             Was the Champion of Qazlal.
             Killed from afar by a tengu reaver (27 damage)
             ... with a bolt of lightning
             ... on level 5 of the Vaults on Nov 23, 2021.
             The game lasted 04:30:29 (64361 turns).

Zonian the Warrior (Demonspawn Gladiator)          Turns: 64361, Time: 04:30:47

Health: -3/181     AC: 13    Str: 21    XL:     22   Next: 49%
Magic:  0/57       EV: 19    Int: 21    God:    Qazlal [******]
Gold:   1086       SH:  8    Dex: 17    Spells: 4/48 levels left

rFire   + . .      SeeInvis +   U - +9 demon trident (flame)
rCold   . . .      Faith    .   (no shield)
rNeg    . . .      Spirit   +   M - +1 leather armour "Bopysmen" {rF+ Regen+ MP+9 Int+4}
rPois   .          Reflect  .   a - +2 helmet
rElec   +          Harm     .   V - +2 cloak
rCorr   +          Rampage  .   (gloves unavailable)
Will    ++...                   w - +1 pair of boots "Cowna" {Will+ SInv}
Stlth   +.........              p - amulet of regeneration
HPRegen 2.40/turn               H - ring of Fufodghast {rCorr Str+6}
MPRegen 0.70/turn               T - ring of magical power

@: protected from electricity, studying 2 skills, repel missiles
A: repulsion field 3, spiny 1, magic shield, magic regeneration, magic link,
corrupting presence 2, demonic touch 3
}: 2/15 runes: serpentine, barnacled
a: Renounce Religion, Upheaval, Elemental Force, Disaster Area


You were on level 5 of the Vaults.
You worshipped Qazlal.
Qazlal was exalted by your worship.
You visited 7 branches of the dungeon, and saw 39 of its levels.
You also visited: Bailey and Desolation.

You collected 5615 gold pieces.
You spent 4529 gold pieces at shops.

Inventory:

Hand Weapons
 q - the +9 heavy crossbow "Sniper" {vorpal, Acc+∞ SInv}
   (You found it on level 3 of the Elven Halls)

   Any ammunition fired from it inflicts extra damage upon your enemies.
   Any ammunition fired from it never misses its target.
   SInv:      It lets you see invisible.
 B - the +7 hand crossbow "Qaodei" {elec, Str+3 Dex+3}
   (You found it on level 1 of the Shoals)

   Any ammunition fired from it occasionally discharges a powerful burst of
   electricity upon striking a foe.
   Str:       It affects your strength (+3).
   Dex:       It affects your dexterity (+3).
 N - the +7 glaive "Zonian's Doom" {spect, Int+3}
   (You found it on level 2 of the Snake Pit)

   When its wielder attacks, the weapon's spirit leaps out and strikes again.
   The spirit shares a part of any damage it takes with its wielder.
   Int:       It affects your intelligence (+3).
 U - a +9 demon trident of flaming (weapon)
Missiles
 e - 9 curare-tipped darts (quivered)
 O - 6 throwing nets
 Q - 752 bolts
 W - 6 silver javelins
Armour
 a - a +2 helmet (worn)
 w - the +1 pair of boots "Cowna" (worn) {Will+ SInv}
   (You found it on level 13 of the Dungeon)

   SInv:      It lets you see invisible.
   Will:      It increases your willpower.
 G - a +3 buckler of fire resistance
 M - the +1 leather armour "Bopysmen" (worn) {rF+ Regen+ MP+9 Int+4}
   (You bought it in a shop on level 3 of the Dungeon)

   Int:       It affects your intelligence (+4).
   rF:        It protects you from fire.
   MP:        It affects your magic capacity (+9).
   Regen:     It increases your rate of health regeneration.
 V - a +2 cloak (worn)
Magical Staves
 L - a staff of fire
Jewellery
 c - a +6 ring of strength
 i - a ring of flight
 o - an amulet of reflection
 p - an amulet of regeneration (around neck)
 H - the ring of Fufodghast (left hand) {rCorr Str+6}
   (You acquired it on level 8 of the Dungeon)

   [ring of strength]

   Str:       It affects your strength (+6).
   rCorr:     It protects you from acid and corrosion.
 J - a +4 ring of evasion
 T - a ring of magical power (right hand)
Wands
 f - a wand of acid (5)
 l - a wand of flame (52)
 v - a wand of mindburst (20)
 K - a wand of digging (17)
 P - a wand of charming (12)
 X - a wand of iceblast (22)
Scrolls
 g - 5 scrolls of fear
 h - 22 scrolls of identify
 k - 4 scrolls of teleportation
 r - 2 scrolls of fog
 y - 5 scrolls of silence
 z - 7 scrolls of enchant armour
 A - 3 scrolls of magic mapping
 D - 4 scrolls of blinking
 F - a scroll of summoning
 R - 2 scrolls of immolation
Potions
 b - 7 potions of curing
 d - a potion of magic
 j - 2 potions of berserk rage
 m - 5 potions of ambrosia
 s - 6 potions of brilliance
 u - a potion of cancellation
 x - a potion of might
 E - 3 potions of lignification
 S - a potion of resistance
 Y - 3 potions of invisibility
 Z - 3 potions of haste
Miscellaneous
 t - a box of beasts (inert)
 C - a condenser vane (inert)
 I - a phantom mirror


   Skills:
 + Level 17.0 Fighting
 + Level 14.6 Polearms
 - Level 3.5(3.9) Slings
 + Level 9.7 Crossbows
 - Level 2.1(3.1) Throwing
 - Level 4.7 Armour
 - Level 7.0 Dodging
 - Level 0.6 Stealth
 - Level 1.5 Shields
 + Level 13.8 Spellcasting
 + Level 15.2 Conjurations
 - Level 7.0 Translocations
 - Level 9.2 Transmutations
 - Level 11.5 Air Magic
 + Level 5.5 Earth Magic
 - Level 13.4 Poison Magic
 - Level 12.9 Invocations
 - Level 9.3 Evocations


You had 4 spell levels left.
You knew the following spells:

 Your Spells              Type           Power      Damage    Failure   Level
a - Mephitic Cloud        Conj/Pois/Air  63%        N/A       1%          3
b - Searing Ray           Conj           100%       2d8       0%          2
c - Swiftness             Air            58%        N/A       1%          3
d - Wereblood             Tmut           52%        N/A       1%          2
e - Alistair's Intoxicat  Tmut/Pois      38%        N/A       1%          5
f - Lightning Bolt        Conj/Air       31%        1d48      1%          5
g - Irradiate             Conj/Tmut      30%        3d23      1%          5
h - Iskenderun's Mystic   Conj/Tloc      57%        2d12      1%          4
i - Olgreb's Toxic Radia  Pois           63%        N/A       1%          4
j - Lesser Beckoning      Tloc           44%        N/A       1%          3
k - Blink                 Tloc           88%        N/A       1%          2
l - Iron Shot             Conj/Erth      27%        9d6       11%         6

Your spell library contained the following spells:

 Spells                   Type           Power      Damage    Failure   Level
 Magic Dart               Conj           100%       1d8       0%          1
 Apportation              Tloc           88%        N/A       1%          1
 Beastly Appendage        Tmut           100%       N/A       1%          1
 Foxfire                  Conj/Fire      100%       2x1d9     1%          1
 Shock                    Conj/Air       100%       1d9       1%          1
 Passwall                 Tmut/Erth      37%        N/A       1%          2
 Static Discharge         Conj/Air       63%        N/A       1%          2
 Dazzling Flash           Conj/Hex       92%        N/A       1%          3
 Ignite Poison            Fire/Tmut/Pois 46%        N/A       1%          3
 Spider Form              Tmut/Pois      58%        N/A       1%          3
 Flame Wave               Conj/Fire      46%        3d9       2%          4
 Fulminant Prism          Conj/Hex       23%        3d13      2%          4
 Portal Projectile        Hex/Tloc       58%        N/A       3%          3
 Pain                     Necr           56%        1d6       4%          1
 Slow                     Hex            56%        N/A       4%          1
 Summon Lightning Spire   Summ/Air       38%        N/A       4%          4
 Scorch                   Fire           28%        2d6       8%          2
 Ice Form                 Ice/Tmut       34%        N/A       8%          4
 Call Canine Familiar     Summ           14%        N/A       16%         3
 Confusing Touch          Hex            14%        N/A       16%         3
 Ozocubu's Armour         Ice            14%        N/A       16%         3
 Vampiric Draining        Necr           14%        2d7       16%         3
 Leda's Liquefaction      Hex/Erth       13%        N/A       16%         4
 Animate Dead             Necr           7%         N/A       45%         4
 Iskenderun's Battlesphe  Conj           68%        2d12      1%          5
 Blade Hands              Tmut           26%        N/A       3%          5
 Freezing Cloud           Conj/Ice/Air   25%        6-21      3%          5
 Fireball                 Conj/Fire      23%        3d11      6%          5
 Manifold Assault         Tloc           44%        N/A       8%          5
 Lee's Rapid Deconstruct  Erth           19%        3d12*     14%         5
 Summon Forest            Summ/Tloc      14%        N/A       32%         5
 Starburst                Conj/Fire      23%        6d8       32%         6
 Statue Form              Tmut/Erth      30%        N/A       36%         6
 Dispersal                Tloc           22%        N/A       38%         6
 Dragon Form              Tmut           26%        N/A       67%         7
 Agony                    Necr           14%        N/A       80%         5
 Excruciating Wounds      Necr           7%         N/A       80%         5
 Metabolic Englaciation   Hex/Ice        7%         N/A       80%         5
 Spellforged Servitor     Conj/Summ      23%        N/A       88%         7
 Maxwell's Capacitive Co  Air            29%        ∞         96%         8
 Summon Cactus Giant      Summ           7%         N/A       100%        6
 Malign Gateway           Summ/Tloc      14%        N/A       100%        7
 Monstrous Menagerie      Summ           7%         N/A       100%        7
 Ozocubu's Refrigeration  Ice            7%         4d6       100%        7
 Disjunction              Tloc           22%        N/A       100%        8
 Ignition                 Fire           7%         3d4       100%        8
 Dragon's Call            Summ           7%         N/A       100%        9


Dungeon Overview and Level Annotations

Branches:
Dungeon (15/15)            Temple (0/1) D:4            Lair (6/6) D:11
 Shoals (4/4) Lair:3        Snake (4/4) Lair:2        Slime (0/5) Lair:6
    Orc (2/2) D:10            Elf (3/3) Orc:2        Vaults (5/5) D:14
  Crypt (0/3) Vaults:3     Depths (0/4) D:15         Bailey (visited)
Desolation (visited)

Altars:
Okawaru
Qazlal
Sif Muna
Trog
Beogh
Jiyva

Shops:
D:3 [   D:6 !   Orc:1 *   Orc:2 *:!(   Shoals:3 :   Snake:3 [(:=[   Vaults:2 (

Portals:
Abyss: Vaults:2

Annotations:
D:4 Dowan, Duvessa
Snake:1 1 runed translucent door
Snake:3 1 runed translucent door, mandarbmax's ghost, adept TrMo
Elf:2 2 runed translucent doors
Vaults:2 2 transporters, jejorda2's ghost, adept GrBe


Innate Abilities, Weirdness & Mutations

You are surrounded by a strong repulsion field. (EV +4, RMsl)
You are partially covered in sharp spines.
When hurt, damage is shared between your health and your magic reserves.
You regenerate magic rapidly.
When low on magic, you restore magic in place of health.
Your presence sometimes corrodes or deforms those you injure.
Your touch may irresistibly damage your foes and sap their willpower.


Message History

The war gargoyle is destroyed!
Your vault guard barely misses the swamp drake.
Your vault guard hits the tengu reaver with a +0 war axe!
Your ironbound preserver is engulfed in blazing flames.
The yaktaur captain shoots a bolt.
The bolt hits your vault guard!
Something bites your mature oxsting beast but does no damage.
Something claws your mature oxsting beast but does no damage. x2
Aiming: Upheaval
Press: ? - help, Dir - move target, p - yaktaur captain The ground shakes violently, spewing rubble!
The blast of rubble hits the yaktaur captain!
The yaktaur captain is almost dead.
The swamp drake bites your vault guard but does no damage.
The tengu reaver hits your vault guard with a +0 battleaxe.
The tengu reaver hits your vault guard with a +0 battleaxe!!
The tengu reaver pecks your vault guard.
The tengu reaver barely misses your vault guard.
Your vault guard hits the swamp drake with a +0 war axe!!
Your vault guard hits the tengu reaver with a +0 war axe!
Your vault guard hits the yaktaur captain with a +0 long sword!
The yaktaur captain dies!
Qazlal accepts your kill.
The yaktaur captain shoots a bolt.
The bolt hits you!!
* * * LOW HITPOINT WARNING * * *
Something bites your mature oxsting beast but does no damage.
Something claws your mature oxsting beast.
Something claws your mature oxsting beast but does no damage.
Aiming: Corrosive Bolt
Press: ? - help, Shift-Dir - straight line, f - yaktaur captain
Aim: a yaktaur captain, wielding a +0 arbalest and quivering bolts (91% to hit)
The bolt of acid hits the yaktaur captain!
The acid corrodes the yaktaur captain!
The yaktaur captain is lightly wounded.
The swamp drake barely misses your vault guard.
The tengu reaver casts a spell at you.
The bolt of lightning hits your vault guard!
The bolt of lightning hits you!!!
Your resistance to physical damage fades away.
You feel protected from electricity.
You die...

*********************************
,,,,,,,,,,,,,,,,,,,,,,,,,,,,,,,,,
,,,,,,,,,,,,,,,,,,,,,,,,,,,,,,,,,
,,,,,,****###############****,,,,
,,,,,,,,,,,...§§§.☼......o,,,,,,,
,,,,*,,,,,....§§@........#,,,,*,,
,,,,*,,**#..#§#○#H#.#.#..##*,,*,,
,,,,*,,*,....Qp.§§§§.......*,,*,,
,,,,*,,*,...§kp)§p§........****,,
,,,,*,,,,..Q#)#†#§#.#.#..,,,,,*,,
,,,,*,,,,..,#.c..§)§..#,,,,,,,*,,
,,,,*,,*,.**#.....§)..#**,,*,,*,,
,,,,*,,,,,.....#####......,,,,*,,
,,,,*,,*,,#...}*,,,*....#c,*,,*,,


You could see a tengu reaver (ally target), a yaktaur captain (corroded, ally
target), a swamp drake shaped shifter, a friendly vault warden (summoned), a
friendly mature oxsting beast (summoned) and 2 friendly vault guards.

Vanquished Creatures
  2 dread liches (Vaults:4)
  Mennas (Vaults:3)
  Saint Roka (Snake:4)
  Bai Suzhen (Snake:4)
  Vashnia (Snake:4)
  A golden dragon (Vaults:5)
  Nikola (Shoals:2)
  The ghost of Hoggatt the Peltast, an adept GnWn of Cheibriados (Elf:2)
  2 tentacled monstrosities
  2 deep elf blademasters (Elf:3)
  Jorgrun (Snake:2)
  A quicksilver dragon (Vaults:4)
  3 titans
  2 deep elf master archers (Elf:3)
  The ghost of Encipher the Dancer, an adept FoFi of Uskayaw (Elf:1)
  2 tengu reavers
  Polyphemus (Shoals:2)
  Gastronok (Orc:1)
  Kirke (Snake:4)
  Roxanne (Snake:4)
  Donald (Lair:3)
  5 nagarajas
  Ilsuiw (Shoals:2)
  Aizul (Elf:1)
  A frost giant (Vaults:3)
  4 deep elf sorcerers
  Louise (D:14)
  3 orc warlords
  13 vault wardens
  15 ironbound preservers
  7 deep elf elementalists (Elf:3)
  A ghoul (Vaults:3)
  11 very ugly things
  5 war gargoyles
  7 deep elf demonologists
  4 stone giants (Vaults:5)
  14 dire elephants
  An entropy weaver (shapeshifter) (Vaults:5)
  3 entropy weavers
  7 deep elf annihilators
  Snorg (D:10)
  3 crystal guardians
  An ettin (Orc:2)
  11 merfolk javelineers
  11 yaktaur captains
  2 deep elf death magi
  A fire dragon (D:15)
  14 merfolk impalers
  Josephine (Lair:6)
  2 ice dragons
  2 deep elf high priests (Elf:3)
  5 great orbs of eyes
  10 ironbound thunderhulks
  3 hydras
  A rakshasa (Vaults:2)
  40 vault guards
  6 boulder beetles
  4 salamander tyrants (Snake:4)
  2 catoblepae
  10 peacekeepers
  2 ogre magi (Orc:2)
  13 naga warriors
  18 centaur warriors
  9 merfolk aquamancers
  3 merfolk avatars
  8 anacondas
  7 ironbound frosthearts
  3 satyrs
  15 two-headed ogres
  4 alligator snapping turtles
  15 death yaks
  A tengu warrior (D:15)
  A two-headed ogre (shapeshifter) (Vaults:4)
  12 naga sharpshooters
  24 dancing weapons
  Urug (Orc:1)
  4 shock serpents
  13 deep elf knights
  4 skeletal warriors (D:13)
  6 salamander mystics
  20 sea snakes
  17 deep elf archers
  A cherub (D:15)
  12 naga ritualists
  A sea snake (shapeshifter) (Elf:2)
  32 deep trolls
  13 harpies
  Pikel (D:8)
  6 lindwurms
  9 wizards
  2 necromancers (Vaults:3)
  29 deep elf pyromancers
  16 ironbound convokers
  11 orc knights
  2 wolf spiders
  12 cyclopes
  21 salamanders
  16 mana vipers
  20 manticores
  2 orb spiders (shapeshifter) (D:14)
  17 ugly things
  20 deep elf zephyrmancers
  12 fauns
  An orc sorcerer (Snake:4)
  4 elephants (Lair:2)
  14 naga magi
  45 black mambas
  Joseph (D:8)
  An eye of devastation (shapeshifter) (Vaults:3)
  8 guardian serpents
  6 merfolk sirens
  17 vault sentinels
  18 cane toads
  6 water nymphs
  Psyche (D:8)
  3 rime drakes
  A tengu conjurer (D:15)
  8 komodo dragons
  16 yaktaurs
  A yaktaur (shapeshifter) (Elf:2)
  A kobold demonologist (D:11)
  An entropy weaver simulacrum (D:12)
  5 ice devils
  11 trolls
  10 polar bears
  10 wind drakes
  23 merfolk
  3 meliai (D:8)
  A hornet (D:9)
  7 saltlings
  A wolf spider simulacrum (D:15)
  31 blink frogs
  3 raiju (Lair:6)
  Grinder (D:5)
  22 slime creatures
  Prince Ribbit (D:5)
  8 dream sheep
  7 snapping turtles (Shoals:4)
  3 air elementals
  A flying skull (Vaults:3)
  4 redbacks
  A tarantella (shapeshifter) (Vaults:2)
  3 wyverns
  4 fire elementals
  29 yaks
  A shadow (D:11)
  6 wraiths
  A vampire (D:9)
  3 hogs (Snake:4)
  A hog (shapeshifter) (D:13)
  A spriggan (shapeshifter) (Vaults:5)
  2 steam dragons
  2 basilisks
  19 water elementals
  7 vampire mosquitoes
  7 wargs
  41 nagas
  Menkaure (D:5)
  An acid dragon (D:7)
  18 water moccasins
  14 hell hounds (Lair:6)
  33 orc warriors
  An ice beast (D:6)
  13 black bears
  3 necrophages
  2 sky beasts
  22 ogres
  34 wolves
  5 boggarts (Vaults:3)
  9 centaurs
  A phantom (D:7)
  7 bullfrogs
  3 kobold brigands
  A gnoll sergeant (D:7)
  2 cane toad simulacra (D:12)
  A scorpion (D:7)
  6 earth elementals
  An elephant simulacrum (D:12)
  7 wights
  3 electric eels
  5 lava snakes (Snake:4)
  8 howler monkeys
  A centaur zombie (D:7)
  A bullfrog zombie (D:5)
  A hound (D:5)
  22 orc priests
  3 jellies
  2 gnoll shamans
  A bullfrog skeleton (D:5)
  3 iguanas
  Terence (D:2)
  Natasha (thrice) (D:2)
  23 orc wizards
  2 hell rats (D:11)
  A polar bear simulacrum (D:12)
  A troll simulacrum (D:12)
  A wolf simulacrum (D:12)
  A howler monkey zombie (D:8)
  16 gnolls
  2 howler monkey skeletons (D:5)
  A river rat (D:11)
  6 adders
  2 naga simulacra (D:12)
  A shadow imp (D:7)
  A white imp (D:12)
  2 ufetubi (D:6)
  An adder skeleton (D:2)
  2 worms
  2 dart slugs
  91 orcs
  4 ball pythons
  4 bats
  7 endoplasms
  2 giant cockroaches
  17 goblins
  17 hobgoblins
  9 jackals
  4 quokkas (D:11)
  3 frilled lizards
  33 kobolds
  7 rats
  3 tentacles (Shoals:4)
1655 creatures vanquished.

Vanquished Creatures (collateral kills)
  A stone giant (Vaults:5)
  A yaktaur captain (Vaults:5)
  3 hydras
  A naga sharpshooter (Snake:4)
  A cherub (D:15)
  A naga ritualist (Snake:4)
  A deep elf zephyrmancer (Elf:2)
  An ugly thing (D:15)
  A troll (Orc:1)
  2 dream sheep (Lair:5)
  A wraith (Lair:6)
  A basilisk (Lair:4)
  A water moccasin (Lair:1)
  An orc warrior (Orc:1)
  An orc priest (Orc:1)
  2 orcs (Orc:1)
20 creatures vanquished.

Vanquished Creatures (others)
  A war gargoyle (Vaults:5)
  A deep elf demonologist (Elf:1)
  A crystal guardian (Vaults:4)
  A merfolk impaler (Shoals:2)
  A dancing weapon (Elf:3)
  A deep elf pyromancer (Elf:2)
  An ironbound convoker (Vaults:5)
  A salamander (Snake:3)
  A yaktaur (Vaults:4)
  A merfolk (Shoals:4)
  A water elemental (Shoals:2)
  An air elemental (Elf:2)
  A human (Snake:4)
  A naga (Snake:3)
  An orc priest (Snake:4)
  An orc wizard (D:6)
  An orc (Snake:4)
  26 fungi
  91 plants
  25 tentacles (Shoals:4)
159 creatures vanquished.

Grand Total: 1834 creatures vanquished

Notes
Turn   | Place    | Note
-------+----------+-------------------------------------------
     0 | D:1      | Zonian the Demonspawn Gladiator began the quest for the
                  | Orb.
     0 | D:1      | Reached XP level 1. HP: 16/16 MP: 1/1
   375 | D:1      | Gained mutation: You are surrounded by a mild repulsion
                  | field. (EV +2) [demonic ancestry]
   375 | D:1      | Reached XP level 2. HP: 12/22 MP: 2/2
   881 | D:1      | Found a faded altar of an unknown god.
  1180 | D:1      | Prayed at the altar of an unknown god.
  1180 | D:1      | Became a worshipper of Qazlal Stormbringer
  1180 | D:1      | Reached * piety under Qazlal
  1525 | D:2      | Noticed Natasha
  1537 | D:2      | Killed Natasha
  1538 | D:2      | Reached XP level 3. HP: 7/27 MP: 3/3
  2099 | D:2      | Noticed Natasha
  2137 | D:2      | Killed Natasha
  2138 | D:2      | Reached skill level 1 in Armour
  2138 | D:2      | Reached skill level 1 in Invocations
  2138 | D:2      | Reached XP level 4. HP: 21/33 MP: 4/4
  3211 | D:2      | Noticed Terence
  3223 | D:2      | Killed Terence
  3402 | D:2      | Noticed Natasha
  3409 | D:2      | Killed Natasha
  3410 | D:2      | Gained mutation: You regenerate magic rapidly. [demonic
                  | ancestry]
  3410 | D:2      | Reached XP level 5. HP: 38/39 MP: 6/6
  4241 | D:3      | Found Puorur Uhar's Antique Armour Shop.
  4536 | D:4      | You fall into a shaft and drop 1 floor!
  4536 | D:5      | Entered Level 5 of the Dungeon
  4572 | D:5      | Reached ** piety under Qazlal
  4578 | D:5      | Noticed an ogre
  5040 | D:4      | Reached XP level 6. HP: 46/46 MP: 8/8
  5176 | D:4      | Found a staircase to the Ecumenical Temple.
  5525 | D:4      | Noticed Dowan
  5526 | D:4      | Noticed Duvessa
  6155 | D:5      | Noticed a sky beast
  6163 | D:5      | Killed a sky beast
  6164 | D:5      | Reached skill level 1 in Shields
  6171 | D:5      | Gained mutation: Your touch may inflict minor irresistible
                  | damage on your foes. [demonic ancestry]
  6171 | D:5      | Reached XP level 7. HP: 49/51 MP: 9/9
  6215 | D:5      | Reached skill level 5 in Polearms
  6261 | D:3      | Bought a bloodstained leather armour for 168 gold pieces
  6261 | D:3      | Identified the +3 leather armour of the Guardian {Rampage
                  | Regen+ Int-2} (You bought it in a shop on level 3 of the
                  | Dungeon)
  7175 | D:5      | Reached skill level 3 in Fighting
  7206 | D:5      | Learned a level 3 spell: Mephitic Cloud
  7421 | D:5      | Reached skill level 1 in Spellcasting
  7421 | D:5      | Reached skill level 1 in Conjurations
  7421 | D:5      | Reached skill level 1 in Air Magic
  7421 | D:5      | Reached skill level 1 in Poison Magic
  7421 | D:5      | Gained mutation: Your touch may inflict irresistible damage
                  | on your foes. [demonic ancestry]
  7421 | D:5      | Reached XP level 8. HP: 53/58 MP: 11/11
  7604 | D:5      | Noticed Prince Ribbit
  7615 | D:5      | Killed Prince Ribbit
  7616 | D:5      | Reached skill level 5 in Invocations
  7682 | D:5      | Noticed Menkaure
  7683 | D:5      | Noticed Grinder
  7691 | D:5      | Killed Menkaure
  7701 | D:5      | Paralysed by Grinder for 3 turns
  7703 | D:5      | Killed Grinder
  8252 | D:6      | Reached *** piety under Qazlal
  8426 | D:6      | Gained mutation: When hurt, damage is shared between your
                  | health and your magic reserves. [demonic ancestry]
  8426 | D:6      | Reached XP level 9. HP: 64/64 MP: 13/13
  8751 | D:6      | Reached **** piety under Qazlal
  8819 | D:6      | Found Gyl Kyug's Distillery.
  8828 | D:6      | Bought a potion of curing for 33 gold pieces
  8828 | D:6      | Bought a potion of heal wounds for 55 gold pieces
  8828 | D:6      | Bought a potion of heal wounds for 55 gold pieces
  9854 | D:7      | Reached skill level 4 in Fighting
 10206 | D:8      | Found an iron altar of Okawaru.
 10222 | D:8      | Noticed a meliai
 10229 | D:8      | Killed a meliai
 10235 | D:8      | Reached XP level 10. HP: 55/71 MP: 7/15
 10481 | D:8      | Reached skill level 5 in Dodging
 11229 | D:8      | Noticed Joseph
 11236 | D:8      | Identified a scroll of acquirement
 11236 | D:8      | Acquired the ring of Fufodghast {rCorr Str+6}
 11252 | D:8      | Killed Joseph
 11554 | D:8      | Noticed Pikel
 11574 | D:8      | Killed Pikel
 11699 | D:8      | Noticed Psyche
 11700 | D:8      | Paralysed by Psyche for 5 turns
 11707 | D:8      | Paralysed by Psyche for 2 turns
 11719 | D:8      | Paralysed by something for 5 turns
 11723 | D:8      | Killed Psyche
 12031 | D:9      | Noticed a two-headed ogre
 12043 | D:9      | Killed a two-headed ogre
 12876 | D:9      | Reached ***** piety under Qazlal
 13247 | D:10     | Entered Level 10 of the Dungeon
 13294 | D:10     | Noticed Snorg
 13315 | D:10     | Killed Snorg
 13316 | D:10     | Reached skill level 5 in Air Magic
 13316 | D:10     | Gained mutation: Your touch may irresistibly damage your
                  | foes and sap their willpower. [demonic ancestry]
 13316 | D:10     | Reached XP level 11. HP: 29/78 MP: 1/17
 13613 | D:10     | Found a flagged portal.
 13623 | Bailey   | Entered a bailey
 13623 | Bailey   | Noticed an orc knight
 13623 | Bailey   | Noticed an orc knight
 13665 | Bailey   | Killed an orc knight
 13666 | Bailey   | Reached skill level 5 in Poison Magic
 13666 | Bailey   | Reached skill level 1 in Evocations
 13666 | Bailey   | Noticed an orc knight
 13682 | Bailey   | Killed an orc knight
 13683 | Bailey   | Reached skill level 5 in Conjurations
 14094 | Bailey   | Killed an orc knight
 14102 | Bailey   | Reached skill level 5 in Spellcasting
 14377 | Bailey   | Noticed an orc knight
 14378 | Bailey   | Noticed an orc knight
 14404 | Bailey   | Killed an orc knight
 14405 | Bailey   | Reached skill level 1 in Slings
 14434 | Bailey   | Killed an orc knight
 14435 | Bailey   | Reached skill level 5 in Fighting
 14796 | Bailey   | Got the Handbook of Icy Changing
 15386 | D:10     | Found a staircase to the Orcish Mines.
 15483 | D:11     | Noticed a death yak
 15483 | D:11     | Noticed a death yak
 15483 | D:11     | Found a staircase to the Lair.
 15486 | D:11     | Noticed a death yak
 15523 | D:11     | Noticed a two-headed ogre
 15809 | D:10     | Killed a death yak
 15826 | D:10     | Killed a death yak
 15962 | D:11     | Noticed a two-headed ogre
 15991 | D:10     | Killed a death yak
 16244 | D:11     | Killed a two-headed ogre
 16378 | D:11     | Gained mutation: When low on magic, you restore magic in
                  | place of health. [demonic ancestry]
 16378 | D:11     | Reached XP level 12. HP: 75/86 MP: 17/20
 16401 | D:11     | Killed a two-headed ogre
 16499 | Lair:1   | Entered Level 1 of the Lair of Beasts
 16499 | Lair:1   | Noticed a seven-headed hydra
 16501 | Lair:1   | Got Sacuco Puff's Tome of Arcane Weapons and Cold
 16507 | Lair:1   | Killed a seven-headed hydra
 16552 | Lair:1   | Learned a level 2 spell: Searing Ray
 16556 | Lair:1   | Learned a level 3 spell: Swiftness
 17060 | Lair:1   | Found a frozen archway.
 17778 | Lair:2   | Found a staircase to the Snake Pit.
 18071 | Lair:2   | Reached skill level 6 in Fighting
 18538 | Lair:2   | You fall into a shaft and drop 1 floor!
 18606 | Lair:2   | Reached skill level 10 in Polearms
 18802 | D:3      | Bought an embroidered scarf for 192 gold pieces
 18802 | D:3      | Bought a heavily runed leather armour for 168 gold pieces
 18802 | D:3      | Identified the +1 leather armour "Bopysmen" {rF+ Regen+
                  | MP+9 Int+4} (You bought it in a shop on level 3 of the
                  | Dungeon)
 19277 | Lair:3   | Reached XP level 13. HP: 72/93 MP: 22/22
 19562 | Lair:3   | Reached skill level 10 in Invocations
 19664 | Lair:3   | Found a staircase to the Shoals.
 21254 | Lair:5   | Reached skill level 7 in Fighting
 21972 | Lair:6   | Entered Level 6 of the Lair of Beasts
 21972 | Lair:6   | Noticed Josephine
 22295 | Lair:6   | Learned a level 2 spell: Wereblood
 22365 | Lair:6   | Gained mutation: Your presence sometimes corrodes those you
                  | injure. [demonic ancestry]
 22365 | Lair:6   | Reached XP level 14. HP: 75/103 MP: 24/24
 22548 | Lair:6   | Found a viscous altar of Jiyva.
 22548 | Lair:6   | Found a staircase to the Slime Pits.
 22583 | Lair:6   | Killed Josephine
 23509 | Lair:6   | Reached skill level 8 in Fighting
 24512 | D:12     | Reached ****** piety under Qazlal
 24817 | D:6      | Bought 2 potions of invisibility for 176 gold pieces
 24817 | D:6      | Bought a potion of invisibility for 88 gold pieces
 24817 | D:6      | Bought a potion of haste for 110 gold pieces
 26035 | D:13     | Identified the +1 pair of boots "Cowna" {Will+ SInv}
 27034 | D:14     | Noticed an ironbound preserver
 27035 | D:14     | Gained mutation: Your presence sometimes corrodes or
                  | deforms those you injure. [demonic ancestry]
 27035 | D:14     | Reached XP level 15. HP: 49/112 MP: 20/27
 27221 | D:14     | Found a gate to the Vaults.
 27315 | D:14     | Reached skill level 9 in Fighting
 27330 | D:14     | Found a bloodstained altar of Trog.
 27485 | D:14     | Noticed Louise
 27505 | D:14     | Killed Louise
 28274 | D:15     | Entered Level 15 of the Dungeon
 29005 | D:15     | Reached skill level 1 in Transmutations
 29234 | D:15     | Found a staircase to the Depths.
 29687 | Orc:1    | Entered Level 1 of the Orcish Mines
 29687 | Orc:1    | Noticed an orc warlord
 29690 | Orc:1    | Noticed Urug
 29704 | Orc:1    | Killed an orc warlord
 29707 | Orc:1    | Killed Urug
 29798 | Orc:1    | Found Batufa's Overcharged Wands.
 29907 | Orc:2    | Entered Level 2 of the Orcish Mines
 30081 | Orc:2    | Found a staircase to the Elven Halls.
 30239 | Orc:2    | Found Aveu's General Store.
 30264 | Orc:2    | Reached skill level 10 in Fighting
 30275 | Orc:2    | Found Widan's Distillery.
 30287 | Orc:2    | Found Ytutaney's Weapon Shoppe.
 30288 | Orc:2    | Found Juops's Book Emporium.
 30319 | Orc:2    | Reached skill level 10 in Poison Magic
 30350 | Orc:2    | Bought a potion of heal wounds for 75 gold pieces
 30350 | Orc:2    | Bought a potion of curing for 45 gold pieces
 30350 | Orc:2    | Bought a potion of heal wounds for 75 gold pieces
 30355 | Orc:2    | Bought a scroll of enchant weapon for 127 gold pieces
 30764 | Orc:1    | Noticed Gastronok
 30789 | Orc:1    | Killed Gastronok
 30790 | Orc:1    | Gained mutation: You are surrounded by a moderate repulsion
                  | field. (EV +3) [demonic ancestry]
 30790 | Orc:1    | Reached XP level 16. HP: 90/122 MP: 28/29
 30969 | Orc:2    | Bought a book of Party Tricks for 240 gold pieces
 30975 | Orc:2    | Learned a level 5 spell: Alistair's Intoxication
 31112 | Snake:1  | Entered Level 1 of the Snake Pit
 31133 | Lair:2   | Reached skill level 10 in Conjurations
 31975 | Snake:1  | Found a runed translucent door.
 32449 | Snake:1  | Reached skill level 11 in Fighting
 33794 | Orc:2    | Bought a book of Transfigurations for 600 gold pieces
 33794 | Orc:2    | Bought a book of Lightning for 540 gold pieces
 33800 | Orc:2    | Learned a level 5 spell: Lightning Bolt
 33806 | Orc:2    | Learned a level 5 spell: Irradiate
 34922 | Snake:2  | Noticed Jorgrun
 34935 | Snake:2  | Killed Jorgrun
 35412 | Snake:2  | Identified the +7 glaive "Zonian's Doom" {spect, Int+3}
 36063 | Snake:3  | Got Pythrei's Collected Works on Contamination and
                  | Lightness
 36100 | Snake:2  | HP: 4/127 [poisoned by a naga ritualist (toxic radiance)]
 36102 | Snake:2  | HP: 1/127 [poisoned by a naga ritualist (toxic radiance)]
 36892 | Snake:3  | Noticed mandarbmax's ghost (adept TrMo)
 36911 | Snake:3  | Found a shimmering blue altar of Sif Muna.
 36965 | Snake:3  | Found Hottout's Armour Shop.
 36972 | Snake:3  | Reached skill level 12 in Fighting
 37008 | Snake:3  | Reached skill level 5 in Evocations
 37247 | Snake:3  | Found a runed translucent door.
 37438 | Snake:3  | Reached skill level 10 in Air Magic
 37473 | Snake:3  | Found Ucakowili's Weapon Emporium.
 37476 | Snake:3  | Found Jiacraoj's Jewellery Shoppe.
 37476 | Snake:3  | Found Ogihuott's Book Emporium.
 37479 | Snake:3  | Found Ezioqebo's Armour Shoppe.
 37486 | Snake:3  | Bought a book of Spectacle for 448 gold pieces
 37491 | Snake:3  | Learned a level 4 spell: Iskenderun's Mystic Blast
 37839 | Snake:4  | Entered Level 4 of the Snake Pit
 37971 | Snake:4  | Gained mutation: You are partially covered in sharp spines.
                  | [demonic ancestry]
 37971 | Snake:4  | Reached XP level 17. HP: 105/134 MP: 30/30
 37983 | Snake:4  | Noticed Kirke
 37990 | Snake:4  | Killed Kirke
 38163 | Snake:3  | Bought a +2 cloak for 214 gold pieces
 38262 | Snake:4  | Noticed Saint Roka
 38356 | Snake:4  | Killed Saint Roka
 38865 | Snake:4  | Reached skill level 10 in Spellcasting
 39029 | Snake:4  | Reached skill level 5 in Transmutations
 39047 | Snake:4  | Reached skill level 13 in Fighting
 39276 | Snake:4  | Noticed Vashnia
 39975 | Snake:4  | Killed Vashnia
 40620 | Snake:4  | Noticed Bai Suzhen
 40635 | Snake:4  | Killed Bai Suzhen
 40894 | Snake:4  | Identified Roxanne's Collected Works on Transformation
 40894 | Snake:4  | Noticed Roxanne
 40911 | Snake:4  | Killed Roxanne
 41077 | Snake:4  | Got a serpentine rune of Zot
 41304 | Snake:4  | Upgraded the game from 0.28-a0-883-gc8d7bad45d to
                  | 0.28-a0-895-g6e5f11bd55
 41493 | Shoals:1 | Entered Level 1 of the Shoals
 42049 | Shoals:1 | Noticed Donald
 42063 | Lair:3   | Killed Donald
 42211 | Shoals:1 | Reached XP level 18. HP: 123/145 MP: 32/32
 42291 | Shoals:1 | Learned a level 4 spell: Olgreb's Toxic Radiance
 42308 | Shoals:1 | Identified the +7 hand crossbow "Qaodei" {elec, Str+3
                  | Dex+3}
 43271 | Shoals:2 | Noticed Polyphemus
 43313 | Shoals:1 | Reached skill level 1 in Crossbows
 43348 | Shoals:2 | Reached skill level 1 in Translocations
 43366 | Shoals:2 | Killed Polyphemus
 43564 | Shoals:2 | Reached skill level 14 in Fighting
 43705 | Shoals:2 | Noticed Ilsuiw
 43776 | Shoals:2 | Killed Ilsuiw
 43993 | Shoals:2 | Noticed Nikola
 44031 | Shoals:2 | Killed Nikola
 44680 | Shoals:3 | Identified the +9 quarterstaff "Dap Ici Cits" {flame,
                  | Int+3}
 45162 | Shoals:3 | Found Zuded's Book Boutique.
 45469 | Shoals:4 | Entered Level 4 of the Shoals
 46180 | Shoals:4 | Got the Incunabulum of Heat and the Voyage
 46185 | Shoals:4 | Learned a level 3 spell: Lesser Beckoning
 46270 | Shoals:4 | Got a barnacled rune of Zot
 46562 | Shoals:4 | Reached XP level 19. HP: 151/153 MP: 34/34
 46898 | Shoals:4 | Learned a level 2 spell: Blink
 47339 | Elf:1    | Entered Level 1 of the Elven Halls
 48312 | Elf:1    | Noticed Aizul
 48330 | Elf:1    | Killed Aizul
 48523 | Elf:1    | Reached skill level 5 in Crossbows
 48729 | Elf:1    | Identified the +2 pair of gloves "Xahepeut" {Rampage
                  | *Corrode rN+}
 48735 | Elf:1    | Got the Incunabulum of Slavery
 49022 | Elf:1    | Found a runed translucent door.
 49022 | Elf:1    | Noticed Encipher's ghost (adept FoFi)
 49303 | Elf:1    | Reached skill level 15 in Fighting
 49437 | Elf:1    | Paralysed by an air elemental for 1 turns
 50134 | Elf:2    | Found a runed translucent gate.
 50225 | Elf:2    | Identified the ring "Joteh" {Ice rElec rPois rN+ Stlth-}
 50226 | Elf:2    | Found a runed translucent gate.
 50227 | Elf:2    | Found a runed translucent gate.
 50388 | Elf:2    | Found a crumbling gateway.
 50408 | Elf:2    | Upgraded the game from 0.28-a0-895-g6e5f11bd55 to
                  | 0.28-a0-906-g0406aca7d3
 50411 | Desolati | Entered the Desolation of Salt
 50480 | Elf:2    | Found a runed translucent door.
 50508 | Elf:2    | Found a runed translucent door.
 50658 | Elf:2    | Noticed Hoggatt's ghost (adept GnWn)
 50703 | Elf:3    | Entered Level 3 of the Elven Halls
 52662 | Elf:3    | Reached skill level 5 in Translocations
 53174 | Elf:3    | Noticed a Tzitzimitl
 53391 | Elf:3    | Identified the +9 chain mail of Discretion {rElec rPois
                  | Int-4 Dex-3}
 53557 | Elf:3    | Reached XP level 20. HP: 98/163 MP: 23/36
 53790 | Elf:3    | Identified the +10 glaive "Kestroabi" {freeze, rElec MP-9
                  | Dex+4}
 54386 | Elf:3    | Found the +9 heavy crossbow "Sniper" {vorpal, Acc+∞ SInv}
 54393 | Elf:3    | Got the Collected Works on Snow
 54396 | Elf:3    | Identified the +0 robe of the Seven Beggars {Dex+2}
 54397 | Elf:3    | Identified the +6 long sword of Wiock {venom, rPois Dex+3}
 54412 | Elf:3    | Got the Catalogue of the Albatross
 55187 | Vaults:1 | Entered Level 1 of the Vaults
 56756 | Vaults:2 | Found Waqipoev's Weapon Shop.
 56855 | Vaults:2 | Noticed jejorda2's ghost (adept GrBe)
 56860 | Vaults:2 | Found a one-way gate to the infinite horrors of the Abyss.
 56988 | Vaults:2 | Found a transporter.
 56994 | Vaults:2 | Found a transporter.
 57565 | Vaults:2 | Reached skill level 16 in Fighting
 57593 | Vaults:2 | Gained mutation: You are surrounded by a strong repulsion
                  | field. (EV +4, RMsl) [demonic ancestry]
 57593 | Vaults:2 | Reached XP level 21. HP: 90/171 MP: 31/37
 57636 | Vaults:2 | Learned a level 6 spell: Iron Shot
 58095 | Vaults:3 | Reached skill level 1 in Earth Magic
 59387 | Vaults:3 | Noticed Mennas
 59405 | Vaults:3 | Killed Mennas
 59619 | Vaults:3 | Found a staircase to the Crypt.
 60763 | Shoals:3 | Bought a manual of Conjurations for 1120 gold pieces
 62461 | Elf:2    | Killed Hoggatt's ghost
 62498 | Elf:2    | Identified the +1 pair of boots of the Mangosteen {Harm
                  | +Blink rC- Will++}
 63023 | Elf:1    | Killed Encipher's ghost
 63030 | Elf:1    | Reached XP level 22. HP: 133/180 MP: 39/39
 63513 | Vaults:5 | Entered Level 5 of the Vaults
 63521 | Vaults:5 | Noticed a dread lich
 63898 | Vaults:5 | Noticed a dread lich
 63901 | Vaults:5 | Noticed a golden dragon
 63939 | Vaults:4 | Paralysed by a dread lich for 4 turns
 63948 | Vaults:4 | Killed a dread lich
 63949 | Vaults:4 | Reached skill level 5 in Earth Magic
 63951 | Vaults:4 | Killed a dread lich
 64288 | Vaults:5 | Noticed an ancient lich
 64314 | Vaults:5 | Reached skill level 15 in Conjurations
 64333 | Vaults:5 | Reached skill level 17 in Fighting
 64353 | Vaults:5 | Killed a golden dragon
 64361 | Vaults:5 | Killed from afar by a tengu reaver

Illustrated notes

Levels and vault maps discovered:
D:1:      mrwooster_arrival_statue_3, layout_basic,
          shapermc_ecumenical_altar_notcrosses, minmay_distorted
D:2:      layout_loops_ring, uniq_natasha, uniq_terence
D:3:      layout_rooms, serial_shops, nicolae_shop_hallway_plus,
          hangedman_decor_lopped
D:4:      kennysheep_goblin_castle, layout_rooms,
          minmay_temple_entry_sparse_star, uniq_duvessa
D:5:      layout_loops_cross, uniq_grinder, uniq_menkaure, uniq_prince_ribbit1
D:6:      corexii_shantytown, layout_loops_corners, serial_shops, shop
D:7:      nicolae_cairo_tiling_large_dashed, layout_gridville
D:8:      layout_basic, mainiacjoe_overflow_surrounded_room, uniq_psyche,
          uniq_pikel, uniq_joseph
D:9:      layout_stronghold
D:10:     layout_basic, david_orc_5, enter_bailey_2, uniq_snorg
D:11:     layout_long_grid, dpeg_lair_monsters, billiards_dpeg
D:12:     dreamdust_isle_of_ice, layout_loops_cross
D:13:     layout_irregular_city
D:14:     layout_layer_cave, skrybe_vaults_entry_preservation,
          minmay_misc_feat_four_crosses, trog_three_pillars_becter, uniq_louise
D:15:     grunt_enter_depths_hoard, layout_basic, minmay_stone_trees_small,
          pf_eden
Lair:1:   statuecave_lemuel, layout_cave_pods, portal_ice_cave_demonic_guard,
          infiniplex_staircase_pool, lemuel_fruit_tree
Lair:2:   layout_regular_city, dummy_snake_entry
Lair:3:   layout_hall_layers, minmay_shoals_entry_beasts
Lair:4:   layout_misc_corridors, nicolae_lair_lindhole
Lair:5:   layout_regular_city, grunt_megastairs_3
Lair:6:   hangedman_lair_caniforms_friends, layout_hall_layers, slime_altar_1,
          chequers_serial_rivers_micro_b, grunt_forest_stairs_basic,
          chequers_serial_rivers_small_3, serial_bayou_shore_a, uniq_josephine
Shoals:1: layout_shoals, uniq_donald
Shoals:2: layout_shoals, nicolae_shoals_pincushion_passage, uniq_nikola,
          uniq_ilsuiw, uniq_polyphemus
Shoals:3: cheibrodos_shoals_three_sisters, layout_shoals, serial_shops, shop
Shoals:4: shoals_end_simple, layout_shoals, abandoned_shop,
          nicolae_shoals_mertower
Snake:1:  layout_chambers, drop_trap, lightli_airlock, grunt_megastairs_5
Snake:2:  layout_layer_cave, uniq_jorgrun
Snake:3:  layout_misc_corridors, serial_shops, nicolae_shop_trees, basic_altar,
          hellmonk_ghost_happy_afterlife,
          nicolae_snake_yet_another_twisty_hallway, minmay_shoptagon
Snake:4:  johnstein_snake_rune_scales, layout_basic,
          nicolae_coiled_stairwell_up, uniq_vashnia, uniq_kirke, uniq_roxanne,
          uniq_saint_roka, uniq_bai_suzhen
Orc:1:    layout_caves, nicolae_shop_overcharged_wands, uniq_gastronok,
          uniq_urug
Orc:2:    st_orc_open, layout_caves
Elf:1:    minmay_elf_arrival_circle, layout_loops_corners,
          serial_co_window_serial, co_window_paths_b, co_window_paths_b,
          co_window_paths_a, co_window_paths_a, co_window_of_opportunity_a,
          co_window_corner_a, co_window_corner_a, co_window_broadway_b,
          co_window_4corner_a, ebering_ghost_inner_flame, minmay_elf_demonology,
          minivault_11, uniq_aizul
Elf:2:    elven_hall_of_blades_hangedman_original
          [nicolae_blade_entry_splitting_headache], layout_onion_city,
          gammafunk_ghost_tricky_traps, portal_desolation_entry_twin_temple
Elf:3:    elf_hall, layout_loops_corners, nicolae_elf_v_pinch,
          grunt_megastairs_4
Vaults:1: vaults_room_grunt_arrival_checkpoint, hangedman_vaults_stream,
          ontoclasm_vaults_twist, v_misc_5, hangedman_vaults_cutoff,
          vaults_room_grunt_arrival_ludios, vaults_dpeg_ring,
          layout_vaults_omnigrid
Vaults:2: gammafunk_ghost_abyssal_escape, v_pattern_5,
          ontoclasm_vaults_ring_square, nicolae_vaults_ring_of_whatevers,
          nicolae_vaults_mini_display_case, v_misc_18, hangedman_vaults_trim,
          nicolae_vaults_little_squares_2, dpeg_vaults_monster_box,
          layout_vaults_big_room, serial_shops,
          nicolae_shop_bloodbath_and_beyond
Vaults:3: ontoclasm_vaults_idyll, v_misc_28, nicolae_vaults_triangles,
          nicolae_vaults_network_periphery, v_misc_1, v_misc_9,
          nicolae_vaults_circle_grid_a, v_misc_8, nicolae_vaults_an_arrangement,
          minmay_crypt_entry_simple_corners, ontoclasm_vaults_eye,
          grunt_vaults_focal, v_alt_pattern_1, nicolae_vaults_little_squares_4,
          layout_vaults_maze_snakey, uniq_mennas
Vaults:4: hangedman_vaults_slice, hangedman_vaults_restitches,
          vaults_standard_mumra_enter_the_diamond, hangedman_vaults_trim,
          nicolae_vaults_little_squares_3, vaults_room_door_ring, v_misc_24,
          nicolae_vaults_quartermaster, ontoclasm_vaults_ring_large,
          vaults_mumra_minichess, layout_vaults_omnibox
Vaults:5: serial_shops

Skill      XL: |  1  2  3  4  5  6  7  8  9 10 11 12 13 14 15 16 17 18 19 20 21 22 |
---------------+-------------------------------------------------------------------+-----
Throwing       | 2 |  2.1
Dodging        | 3 4 5 6 7 |  7.0
Polearms       | 3 4 5 6 7 8 10 11 13 14 | 14.6
Armour         | 1 2 3 4 |  4.7
Invocations    | 1 2 3 4 5 6 7 8 9 10 11 12 | 12.9
Shields        | 1 |  1.5
Fighting       | 3 4 5 6 7 8 10 12 13 14 15 16 17 | 17.0
Spellcasting   | 1 2 3 4 5 6 7 8 9 10 11 12 13 | 13.8
Conjurations   | 1 2 3 4 6 7 8 9 10 11 12 13 14 15 | 15.2
Air Magic      | 1 2 3 5 6 7 8 9 10 11 | 11.5
Poison Magic   | 1 2 3 4 5 6 8 9 10 11 12 13 | 13.4
Evocations     | 1 3 5 7 8 9 |  9.3
Slings         | 1 3 |  3.5
Transmutations | 2 4 5 6 7 8 9 |  9.2
Crossbows      | 3 6 7 9 |  9.7
Translocations | 3 5 6 7 |  7.0
Earth Magic    | 4 5 |  5.5
Stealth        | |  0.6

Action                   |  1- 3 |  4- 6 |  7- 9 | 10-12 | 13-15 | 16-18 | 19-21 | 22-24 || total
-------------------------+-------+-------+-------+-------+-------+-------+-------+-------++-------
Melee: Trident           |   138 |   105 |       |       |       |       |       |       ||   243
       Spear             |       |   121 |   444 |   616 |   300 |       |       |       ||  1481
       Touch             |       |       |    70 |    99 |   135 |   176 |   222 |    11 ||   713
       Halberd           |       |       |       |   212 |   841 |       |       |       ||  1053
       Demon trident     |       |       |       |       |   344 |  1426 |  1371 |    66 ||  3207
       Glaive            |       |       |       |       |       |       |   140 |       ||   140
 Fire: Hunting sling     |       |       |       |    23 |    15 |     6 |       |       ||    44
       Hand crossbow     |       |       |       |       |       |    39 |   109 |       ||   148
       Heavy crossbow    |       |       |       |       |       |       |     8 |       ||     8
Throw: Throwing net      |     3 |     2 |       |     1 |       |     1 |     1 |       ||     8
       Dart              |       |     4 |       |       |       |       |     1 |     1 ||     6
 Cast: Mephitic Cloud    |       |       |       |     9 |     9 |    11 |    46 |       ||    75
       Searing Ray       |       |       |       |       |     3 |       |       |       ||     3
       Wereblood         |       |       |       |       |     5 |     4 |     6 |       ||    15
       Swiftness         |       |       |       |       |     1 |     4 |     1 |       ||     6
       Lightning Bolt    |       |       |       |       |       |    18 |    25 |       ||    43
       Irradiate         |       |       |       |       |       |    11 |    26 |    11 ||    48
       Iskenderun's Myst |       |       |       |       |       |     7 |     9 |     6 ||    22
       Alistair's Intoxi |       |       |       |       |       |     2 |    12 |       ||    14
       Olgreb's Toxic Ra |       |       |       |       |       |    13 |    14 |     1 ||    28
       Blink             |       |       |       |       |       |       |     2 |     2 ||     4
Invok: Upheaval          |       |       |     1 |     7 |     3 |    13 |    10 |     2 ||    36
       Elemental Force   |       |       |       |     2 |     5 |       |     2 |       ||     9
       Disaster Area     |       |       |       |       |     2 |     4 |     1 |     1 ||     8
Evoke: Wand              |       |     1 |     4 |    18 |       |    49 |     5 |     7 ||    84
       Phantom mirror    |       |       |       |       |     1 |     2 |       |       ||     3
       Condenser vane    |       |       |       |       |       |       |     2 |     1 ||     3
       Box of beasts     |       |       |       |       |       |       |     1 |     1 ||     2
  Use: Scroll            |     3 |     9 |     3 |    11 |    17 |    11 |     4 |     7 ||    65
       Potion            |     1 |     1 |     3 |    12 |     2 |     4 |     9 |     3 ||    35
 Stab: Sleeping          |     1 |       |       |       |       |       |       |       ||     1
       Held in net/web   |       |       |       |     3 |       |     1 |       |       ||     4
       Confused          |       |       |       |     9 |     7 |     7 |    32 |       ||    55
       Paralysed         |       |       |       |       |     6 |       |       |       ||     6
       Distracted        |       |       |       |       |       |       |     4 |       ||     4
Armor: Leather armour    |    39 |    36 |    50 |    82 |   165 |   133 |   167 |    19 ||   691
       Skin              |       |       |       |    39 |       |       |       |       ||    39
Dodge: Dodged            |    89 |   114 |   156 |   384 |  1039 |  1013 |   808 |    54 ||  3657
       Repelled          |       |       |       |     1 |     9 |    50 |    29 |     2 ||    91
Block: Other             |     5 |    55 |   119 |   242 |   395 |   378 |   347 |    26 ||  1567
       Reflection        |       |    10 |    12 |    15 |       |       |       |       ||    37
       Buckler           |       |       |       |       |       |       |    13 |    18 ||    31

Table legend: (Time is in decaauts)
 A = Elapsed time spent in this place.
 B = Non-inter-level travel time spent in this place.
 C = Inter-level travel time spent in this place.
 D = Time resting spent in this place.
 E = Time spent auto-exploring this place.
 F = Levels seen in this place.
 G = Mean time per level.
                   A        B        C        D        E       F      G
               +--------+--------+--------+--------+--------+-----+--------+
         Total |  63263 |  56600 |   6663 |  18998 |  22654 |  41 | 1543.0 |
       Dungeon |  22990 |  19713 |   3277 |   6202 |   9488 |  15 | 1532.7 |
          Lair |   9115 |   8109 |   1006 |   2555 |   3509 |   6 | 1519.2 |
        Shoals |   5143 |   4759 |    384 |   1384 |   1437 |   4 | 1285.8 |
     Snake Pit |   8871 |   8523 |    348 |   3453 |   2784 |   4 | 2217.8 |
  Orcish Mines |   1443 |   1152 |    291 |     81 |    601 |   2 |  721.5 |
   Elven Halls |   7420 |   6991 |    429 |   2778 |   1951 |   3 | 2473.3 |
        Vaults |   7067 |   6141 |    926 |   1612 |   2882 |   5 | 1413.4 |
        Bailey |   1198 |   1198 |      0 |    930 |      0 |   1 | 1198.0 |
    Desolation |     11 |     11 |      0 |      0 |      0 |   1 |   11.0 |
               +--------+--------+--------+--------+--------+-----+--------+

Top non-repeatable levels by time:
   Elf:2: 2816 daAuts
 Snake:2: 2756 daAuts
   Elf:3: 2488 daAuts
    D:10: 2428 daAuts
 Snake:3: 2327 daAuts
     D:2: 2259 daAuts
   Elf:1: 2115 daAuts
     D:8: 2115 daAuts
 Snake:4: 2106 daAuts
  Lair:2: 2048 daAuts
     D:3: 1989 daAuts
Vaults:4: 1960 daAuts
Vaults:3: 1924 daAuts
  Lair:3: 1888 daAuts
 Snake:1: 1681 daAuts
